 Dungeon Crawl Stone Soup version 0.25-a0-890-g62861fb195 (webtiles) character file.

Game seed: 1750561882720408192, levelgen mode: deterministic

32 Esekla the Conjurer (level 3, -2/25 HPs)
             Began as a Formicid Conjurer on May 2, 2020.
             Was a Follower of Okawaru.
             Slain by Sigmund
             ... wielding a +0 scythe
              (13 damage)
             ... on level 2 of the Dungeon.
             The game lasted 00:09:02 (1372 turns).

Esekla the Conjurer (Formicid Conjurer)             Turns: 1372, Time: 00:09:03

Health: -2/25      AC:  3    Str: 12    XL:     3   Next: 45%
Magic:  1/6        EV: 14    Int: 15    God:    Okawaru [*.....]
Gold:   26         SH:  0    Dex: 11    Spells: 3/6 levels left

rFire    . . .     SeeInvis +   a - +3 dagger
rCold    . . .     Gourm    .   (no shield)
rNeg     . . .     Faith    .   f - +0 leather armour
rPois    .         Spirit   .   (helmet unavailable)
rElec    .         Reflect  .   (no cloak)
rCorr    .         Harm     .   (no gloves)
MR       .....                  (no boots)
Stlth    +++.......             (no amulet)
HPRegen  0.08/turn              (no ring)
MPRegen  0.10/turn              (no ring)

@: heroism
A: permanent stasis, dig shafts and tunnels, four strong arms, antennae 3
a: Dig, Shaft Self, Heroism, Renounce Religion


You were on level 2 of the Dungeon.
You worshipped Okawaru.
Okawaru was aware of your devotion.
You were very hungry.

You visited 1 branch of the dungeon, and saw 4 of its levels.

You collected 26 gold pieces.

Inventory:

Hand Weapons
 a - a +3 dagger (weapon)
 d - a +0 war axe
 n - a +1 dagger of protection
Armour
 f - a +0 leather armour (worn)
 j - a +0 pair of gloves
Scrolls
 b - 2 scrolls of identify {unknown}
 e - 3 scrolls of teleportation {unknown}
 h - a scroll of fear {unknown}
 k - a scroll of magic mapping {unknown}
 l - a scroll of enchant weapon {unknown}
 m - a scroll of immolation {unknown}
Potions
 g - a potion of invisibility {unknown}
 i - a potion of brilliance {unknown}
Comestibles
 c - 2 rations


   Skills:
 * Level 0.9(5.9) Fighting
 * Level 0.4(5.4) Axes
 * Level 1.1(6.1) Armour
 + Level 1.9(6.9) Dodging
 + Level 2.4(7.4) Stealth
 + Level 2.3 Spellcasting
 + Level 4.0 Conjurations
 * Level 0.4 Invocations


You had 3 spell levels left.
You knew the following spells:

 Your Spells              Type           Power        Failure   Level  Hunger
a - Magic Dart            Conj           ##..         4%          1    #......
e - Searing Ray           Conj           ##....       8%          2    ###....

Your spell library contained the following spells:

 Spells                   Type           Power        Failure   Level  Hunger
 Dazzling Flash           Conj/Hex       #.....       34%         3    ###....
 Fulminant Prism          Conj/Hex       #.........   75%         4    #####..
 Iskenderun's Mystic Bla  Conj/Tloc      #.......     75%         4    #####..


Dungeon Overview and Level Annotations

Branches:
Dungeon (4/15)
 Temple: D:4-7

Altars:
Okawaru

Annotations:
D:2 Sigmund


Innate Abilities, Weirdness & Mutations

You cannot be hasted, slowed, berserked, paralysed or teleported.
You can dig through walls and to a lower floor.
Your four strong arms can wield two-handed weapons with a shield.
You have a pair of large antennae on your head. (SInv)


Message History

You are feeling very hungry.
Sigmund casts a spell at you. The magic dart hits you.
The searing ray hits the bat.
You kill the bat!
Okawaru accepts your kill.
The searing ray hits Sigmund.
Sigmund is moderately wounded.
Sigmund gestures at you while chanting. You resist with some effort.
Unknown command.
Sigmund hits you from afar with a +0 scythe.
Sigmund hits you with a +0 scythe.
You hit Sigmund.
Sigmund is moderately wounded.
You closely miss Sigmund.
Sigmund is moderately wounded.
Sigmund hits you with a +0 scythe!
Ouch! That really hurt!
You die...

.................#.#.#.#
.........<..####.#.#.#.#
............# #.#.#.#.# #
............# #.#.#.#.##.#
.............###.#.#......#
.................#.###.####
...........#..##.#............
...l...............#..#......#
...(.........@@.<........#.#
..###.#.####.#.##.#
.............#.# .#
..####..######.# # #.>. .# {
####


You could see Sigmund.

Vanquished Creatures
  A gnoll (D:1)
  2 orcs (D:3)
  3 bats
  A giant cockroach (D:1)
  2 goblins (D:1)
  2 hobgoblins
  3 kobolds (D:1)
  A frilled lizard (D:1)
  5 rats
20 creatures vanquished.

Notes
Turn   | Place    | Note
-------+----------+-------------------------------------------
     0 | D:1      | Esekla the Formicid Conjurer began the quest for the Orb.
     0 | D:1      | Reached XP level 1. HP: 13/13 MP: 3/3
   277 | D:3      | Found a faded altar of an unknown god.
   286 | D:3      | Became a worshipper of Warmaster Okawaru
   286 | D:3      | Reached * piety under Okawaru
   328 | D:3      | Reached XP level 2. HP: 11/19 MP: 1/5
   348 | D:3      | You fall into a shaft and drop 1 floor!
   348 | D:4      | Noticed a scorpion
   621 | D:2      | Noticed Sigmund
   676 | D:1      | Learned a level 2 spell: Searing Ray
  1034 | D:1      | Reached skill level 1 in Armour
  1034 | D:1      | Reached skill level 4 in Conjurations
  1034 | D:1      | Reached XP level 3. HP: 21/25 MP: 3/6
  1372 | D:2      | Slain by Sigmund

Levels and vault maps discovered:
D:1:      minmay_arrival_solitary_statue, layout_loops_ring
D:2:      layout_basic, uniq_sigmund
D:3:      layout_rooms, first_ration, chequers_ecumenical_altar_simple_redux,
          uniq_jessica
D:4:      minmay_door_path, layout_loops_ring, kennysheep_mini_moat,
          st_stairs_1, uniq_menkaure, uniq_grinder

Skill      XL: |  1  2 |
---------------+-------+-----
Armour         | 1 |  1.1
Conjurations   | 4 |  4.0
Fighting       | |  0.9
Axes           | |  0.4
Dodging        | |  1.9
Stealth        | |  2.4
Spellcasting   | |  2.3
Invocations    | |  0.4

Action                   || total
-------------------------++-------
Melee: War axe           ||    31
       Dagger            ||    15
 Cast: Magic Dart        ||     9
       Searing Ray       ||     3
Invok: Heroism           ||     1
 Abil: Shaft Self        ||     1
 Stab: Sleeping          ||     3
  Eat: Chunk             ||     1
Armor: Robe              ||     2
       Leather armour    ||    13
Dodge: Dodged            ||    39

Table legend:
 A = Non-vault XP
 B = Vault XP
 C = Vault XP percentage of total XP
 D = Non-vault monster count
 E = Vault monster count
 F = Vault count percentage of total count
                 A         B        C        D         E       F
            +---------+---------+-------+---------+---------+-------
      Total |      47 |       0 |   0.0 |      20 |       0 |   0.0
            +---------+---------+-------+---------+---------+-------
        D:1 |      36 |       0 |   0.0 |      15 |       0 |   0.0
        D:2 |       5 |       0 |   0.0 |       3 |       0 |   0.0
        D:3 |       6 |       0 |   0.0 |       2 |       0 |   0.0
            +---------+---------+-------+---------+---------+-------
